Map: Inside and Out

Players

MaxPax

  • Race: Protoss Protoss
  • Spawn Location: 7:00

A.I. 2 (Very Easy) - Winner!

  • Race: Terran Terran
  • Spawn Location: 1:00

VOD

Have the link to the VOD?

Description

Time

  • Played on: Nov. 19, 2022, 11:32 a.m.
  • Length: 4:33
Show
View Real Time Build Order
Export as new Build Order

MaxPax Protoss 

Build Orders:  

Get SALT Encoding   

  12  0:00  Probe  
  13  0:12  Probe  
  14  0:16  Pylon  
  14  0:25  Probe (Chrono Boost)  
  15  0:37  Probe (Chrono Boost), Gateway  
  16  0:44  Probe (Chrono Boost)  
  16  0:45  Assimilator  
  17  0:52  Probe  
  18  1:04  Probe  
  19  1:16  Probe  
  20  1:24  Cybernetics Core  
  20  1:33  Probe  
  20  1:34  Nexus  
  21  1:41  Pylon  
  21  1:45  Probe  
  22  1:51  Assimilator  
  22  1:57  Probe  
  22  1:59  Adept (Chrono Boost)  
  22  2:00  Warp Gate (Chrono Boost)  
  25  2:09  Probe  
  25  2:12  Pylon  
  26  2:19  Adept (Chrono Boost)  
  26  2:21  Probe  
  29  2:31  Gateway  
  29  2:37  Gateway  
  29  2:42  Probe  
  30  2:46  Probe  
  31  2:54  Probe  
  32  2:58  Probe  
  33  3:06  Probe, Twilight Council  
  33  3:10  Probe  
  35  3:18  Probe  
  36  3:23  Probe  
  37  3:30  Probe  
  37  3:32  Pylon  
  38  3:35  Probe, Stalker x3  
  45  3:43  Probe  
  45  3:47  Probe  
  47  3:54  Robotics Facility  
  47  3:55  Probe  
  48  3:59  Probe  
  49  4:07  Probe, Assimilator  
  50  4:11  Probe  
  50  4:14  Stalker x3  
  57  4:17  Pylon  
  57  4:19  Probe  
Show
View Real Time Build Order
Export as new Build Order

A.I. 2 (Very Easy) Terran - Winner!

Build Orders:  

Get SALT Encoding   

  12  0:00  SCV  
  13  0:13  SCV  
  14  0:18  Supply Depot  
  14  0:37  Refinery  
  14  0:42  Barracks  
  14  1:03  Supply Depot  
  14  1:12  Refinery  
  14  1:30  Marine, Orbital Command  
  15  1:55  SCV  
  16  2:08  SCV  
  17  2:18  Marine  
  17  2:20  SCV  
  19  2:32  SCV  
  20  2:37  Barracks Tech Lab  
  20  2:44  SCV  
  21  2:56  SCV  
  22  3:08  Marauder  
  24  3:50  Marauder  
  24  3:51  Supply Depot  
  22  3:57  SCV  
  22  4:10  SCV  
Tags
 

No tags found.

Add a new tag
Caveats
  • Supply blocks, unpowered buildings, or Contaminate may cause inaccurate times.
  • Supply counts are checked every 10 seconds.